 Dungeon Crawl Stone Soup version 0.31-a0-167-g1c394c0614 (webtiles) character file.

Game seed: 4573600263014279690

22 qw the Shooter (level 2, -1/17 HPs)
             Began as a Gargoyle Hunter on June 14, 2023.
             Slain by a jackal (3 damage)
             ... on level 1 of the Dungeon.
             The game lasted 00:00:09 (303 turns).

qw the Shooter (Gargoyle Hunter)                     Turns: 303, Time: 00:00:10

Health: -1/17      AC:  5    Str: 14    XL:     2   Next: 91%
Magic:  2/2        EV: 11    Int:  9    God:
Gold:   20         SH:  0    Dex: 13    Spells: 1/1 levels left

rFire   . . .        a - +0 shortbow
rCold   . . .        (shield currently unavailable)
rNeg    + . .        c - +0 leather armour
rPois   inf          (no helmet)
rElec   +            (no cloak)
rCorr   .            (no gloves)
SInv    .            (no boots)
Will    .....        (no amulet)
Stlth   +            (no ring)
HPRegen 0.22/turn    (no ring)
MPRegen 0.08/turn

%: no passive effects
@: no status effects
A: sickness immunity, AC +2, negative energy resistance 1, electricity
resistance, torment resistance 1, petrification resistance
a: no special abilities


You were on level 1 of the Dungeon.
You visited 1 branch of the dungeon, and saw 1 of its levels.

You collected 20 gold pieces.


Innate Abilities, Weirdness & Mutations

You are immune to sickness and miasma.
Your stone body is resilient. (AC +2)
You are immune to poison.
You resist negative energy. (rN+)
You are resistant to electric shocks. (rElec)
You are resistant to unholy torment.
You are immune to petrification.


   Skills:
 - Level 2.1 Fighting
 + Level 4.8 Ranged Weapons
 - Level 1.5 Dodging
 - Level 1.1 Stealth


You had one spell level left.
You didn't know any spells.
Your spell library was empty.

Inventory:

Hand Weapons
 a - a +0 shortbow (weapon)
Armour
 c - a +0 leather armour (worn)
Scrolls
 b - a scroll of butterflies
 e - a scroll of fog {unknown}
 g - a scroll of fear {unknown}
 h - 3 scrolls of enchant armour {unknown}
Potions
 d - a potion of enlightenment {unknown}
 f - a potion of degeneration {unknown}
 i - a potion of heal wounds {unknown}

Dungeon Overview and Level Annotations

Branches:
Dungeon (1/15)

Altars:


Message History

You shoot an arrow. The arrow barely misses the jackal.
The goblin barely misses you.
The endoplasm jiggles.
The jackal bites you. The quokka closely misses you.
You shoot an arrow. The arrow hits the quokka.
You kill the quokka!
The jackal bites you but does no damage.
The goblin hits you but does no damage.
The jackal bites you but does no damage.
The endoplasm freezes you.
You are frozen.
The goblin hits you with a +0 dagger.
You shoot an arrow.
The arrow hits the endoplasm but does no damage.
The jackal bites you but does no damage.
The goblin hits you but does no damage. The endoplasm hits you.
The jackal barely misses you.
You shoot an arrow. The arrow hits the endoplasm.
The endoplasm is moderately wounded.
The jackal closely misses you. The goblin hits you but does no damage.
The endoplasm barely misses you.
You shoot an arrow. The arrow barely misses the endoplasm.
The jackal barely misses you. The goblin hits you but does no damage.
The endoplasm freezes you.
You are frozen.
The jackal bites you but does no damage.
You shoot an arrow. The arrow hits the endoplasm.
You kill the endoplasm!
The jackal bites you but does no damage.
The goblin hits you with a +0 dagger. The jackal bites you.
You shoot an arrow. The arrow closely misses the jackal.
The goblin closely misses you. The jackal bites you.
The goblin hits you but does no damage.
You shoot an arrow. The arrow closely misses the jackal.
The jackal misses you.
The jackal bites you but does no damage.
The goblin hits you but does no damage.
You shoot an arrow. The arrow hits the jackal.
The jackal is almost dead.
The jackal barely misses you. The goblin misses you. The jackal bites you.
You die...

.........#.....
.........#.....
......>..#.....
...............
......(......
...........#
......hg...###
.>....%@.....#
.............#
.#####.......#
#####'#####
#....#....#
#..#####..#
#....#....#
#....#....#
#.###_###.#


You could see a jackal and a goblin.

Vanquished Creatures
  2 endoplasms (D:1)
  3 giant cockroaches (D:1)
  2 goblins (D:1)
  3 jackals (D:1)
  3 quokkas (D:1)
  2 ball pythons (D:1)
  3 frilled lizards (D:1)
  A rat (D:1)
19 creatures vanquished.

Notes
Turn   | Place    | Note
-------+----------+-------------------------------------------
     0 | D:1      | qw the Gargoyle Hunter began the quest for the Orb.
     0 | D:1      | Reached XP level 1. HP: 12/12 MP: 1/1
     0 | D:1      | 0 ||| qw: Version: 0.2-a-29-g1fa15c8
     0 | D:1      | 0 ||| qw: Game counter: 4893
     0 | D:1      | 0 ||| qw: Always use a shield: true
     0 | D:1      | 0 ||| qw: God list: Okawaru
     0 | D:1      | 0 ||| qw: Allow faded altars: false
     0 | D:1      | 0 ||| qw: Do Orc after D:15 true
     0 | D:1      | 0 ||| qw: Do second Lair branch before Depths: true
     0 | D:1      | 0 ||| qw: Lair rune preference: random
     0 | D:1      | 0 ||| qw: Plans: Normal, Zot:1-4, Slime:5, God:TSO, Crypt,
                  | Tomb, Abyss, Pan, Hells, Win
     0 | D:1      | 0 ||| PLANNING D:1-11
   163 | D:1      | Reached XP level 2. HP: 17/17 MP: 2/2
   264 | D:1      | Found a faded altar of an unknown god.
   300 | D:1      | HP: 4/17 [goblin/+0 dagger (1)]
   301 | D:1      | HP: 1/17 [jackal (1)]
   303 | D:1      | Slain by a jackal

Levels and vault maps discovered:
D:1:      dpeg_arrival_arbitrary_b, layout_basic,
          shapermc_ecumenical_altar_notcrosses, minmay_heptomino_w4

Action                     || total
---------------------------++-------
   Fire: Shortbow          ||    45
 Armour: Leather armour    ||    18
  Dodge: Dodged            ||    19

Table legend:
 A = Non-vault XP
 B = Vault XP
 C = Vault XP percentage of total XP
 D = Non-vault monster count
 E = Vault monster count
 F = Vault count percentage of total count
                 A         B        C        D         E       F
            +---------+---------+-------+---------+---------+-------
      Total |      23 |       9 |  28.1 |      13 |       6 |  31.6
            +---------+---------+-------+---------+---------+-------
        D:1 |      23 |       9 |  28.1 |      13 |       6 |  31.6
            +---------+---------+-------+---------+---------+-------
